 Dungeon Crawl Stone Soup version 0.29.1-15-g9cfb28693d (webtiles) character file.

Game seed: 1831338312775446053

495 zeram the Chopper (level 7, 0/94 HPs)
             Began as a Hill Orc Fighter on Apr 8, 2023.
             Was an Initiate of Qazlal.
             Slain by a quokka (1 damage)
             ... summoned by Eustachio
             ... on level 4 of the Dungeon.
             The game lasted 00:06:23 (3528 turns).

zeram the Chopper (Hill Orc Fighter)                Turns: 3528, Time: 00:06:24

Health: 0/94       AC:  7    Str: 21    XL:     7   Next: 15%
Magic:  7/7        EV:  6    Int:  8    God:    Qazlal [......]
Gold:   122        SH:  0    Dex: 10    Spells: 6/6 levels left

rFire   . . .      SeeInvis .   a - +0 war axe
rCold   . . .      Faith    .   q - +0 tower shield
rNeg    . . .      Spirit   .   b - +0 scale mail
rPois   .          Reflect  +   (no helmet)
rElec   .          Harm     .   (no cloak)
rCorr   .          Rampage  .   (no gloves)
Will    .....                   (no boots)
Stlth   ..........              f - amulet of reflection
HPRegen 0.25/turn               (no ring)
MPRegen 0.10/turn               (no ring)

@: confused, mighty, berserking, studying Fighting, very quick
A: no striking features
a: Renounce Religion


You were on level 4 of the Dungeon.
You worshipped Qazlal.
Qazlal was noncommittal.
You visited 1 branch of the dungeon, and saw 4 of its levels.

You collected 200 gold pieces.
You spent 78 gold pieces at shops.

Inventory:

Hand Weapons
 a - a +0 war axe (weapon)
Armour
 b - a +0 scale mail (worn)
 c - a +0 buckler
 h - a +0 kite shield
 q - a +0 tower shield (worn)
Jewellery
 f - an amulet of reflection (around neck)
Scrolls
 d - a scroll of teleportation
 g - 2 scrolls of noise
 n - 2 scrolls of enchant armour {unknown}
 o - a scroll of magic mapping
Potions
 e - a potion of magic {unknown}
 j - 2 potions of lignification {unknown}
 k - 2 potions of brilliance {unknown}
 l - 2 potions of berserk rage
 m - a potion of invisibility {unknown}
 r - a potion of resistance


   Skills:
 + Level 6.0 Fighting
 + Level 6.2 Axes
 + Level 4.9 Armour
 + Level 1.1 Dodging
 + Level 4.7 Shields
 + Level 0.3 Unarmed Combat


You had 6 spell levels left.
You didn't know any spells.
Your spell library contained the following spells:

 Spells                   Type           Power      Damage    Failure   Level
 Apportation              Tloc           0%         N/A       100%        1
 Beastly Appendage        Tmut           0%         N/A       100%        1
 Necrotise                Necr           0%         1d4       100%        1
 Summon Small Mammal      Summ           0%         N/A       100%        1
 Wereblood                Tmut           0%         N/A       100%        2
 Ozocubu's Armour         Ice            0%         N/A       100%        3
 Spider Form              Tmut/Pois      0%         N/A       100%        3
 Ozocubu's Refrigeration  Ice            0%         4d7       100%        7


Dungeon Overview and Level Annotations

Branches:
Dungeon (4/15)
 Temple: D:4-7

Altars:
Elyvilon
Makhleb
Nemelex Xobeh
Okawaru
Qazlal

Shops:
D:2 *[?*[

Annotations:
D:3 2 transporters, sargonster's ghost, amateur HOMo
D:4 Eustachio


Message History

The puff of flame hits you.
* * * LOW HITPOINT WARNING * * *
You hear some strange, mumbled words.
A magic dart appears from out of thin air!
The magic dart hits you.
* * * LOW HITPOINT WARNING * * *
The iguana bites you.
* * * LOW HITPOINT WARNING * * *
Unknown command.
You slash the iguana!
You kill the iguana!
Qazlal accepts your kill.
You barely miss something. x2; You block the bat's attack. x2
Something hits you but does no damage. x2
Unknown command.
You slash something! x2
Qazlal accepts your kill.
Reactivating autopickup.
You feel a bit more experienced.
You barely miss the shadow imp. The bat closely misses you. Something hits you.
* * * LOW HITPOINT WARNING * * *
Deactivating autopickup; reactivate with Ctrl-A.
The bat barely misses you. The shadow imp barely misses you.
Something hits you but does no damage.
Your Fighting skill increases to level 6!
You barely miss something. You slash the bat!
You kill the bat!
The bat's corpse disappears in a puff of smoke!
You hit the shadow imp.
An orc wizard appears from thin air!
Reactivating autopickup.
You block the bat's attack. You block the shadow imp's attack.
The crimson imp blinks!
The orc wizard gestures at you while chanting.
You are confused.
Unknown command.
You slash the orc wizard!
You kill the orc wizard!
Qazlal accepts your kill.
You miss the quokka. You closely miss the shadow imp. The quokka bites you.
You die...

#...... .......
#...... ..[......#
#...... ..........#
#...... ..........
#####...... .........)
#........##
.........## #.###.>..#
.......@r)# #.###....#
........5@# #.#...####
......††b.######.#.###
....§.).)........#.#
..5.....).#####....#
#........######..#.#
##......###>....####
######.....##### ..##
####


You could see Eustachio, a crimson imp (summoned), a shadow imp (summoned), a
quokka (summoned) and a bat (summoned).

Vanquished Creatures
  A phantom (D:4)
  A scorpion (D:4)
  A hound (D:4)
  An orc priest (D:4)
  2 orc wizards (D:4)
  An iguana (D:4)
  Natasha (thrice) (D:2)
  6 gnolls
  2 adders
  3 worms
  4 dart slugs
  10 orcs
  6 ball pythons
  5 endoplasms
  11 goblins
  6 hobgoblins
  3 jackals (D:1)
  7 kobolds
  2 quokkas
  4 bats
  A frilled lizard (D:2)
  4 rats
84 creatures vanquished.

Notes
Turn   | Place    | Note
-------+----------+-------------------------------------------
     0 | D:1      | zeram the Hill Orc Fighter began the quest for the Orb.
     0 | D:1      | Reached XP level 1. HP: 19/19 MP: 1/1
    33 | D:1      | Reached XP level 2. HP: 27/27 MP: 2/2
   300 | D:1      | Reached XP level 3. HP: 24/33 MP: 3/3
   744 | D:1      | Found a faded altar of an unknown god.
   783 | D:1      | Identified a scroll of acquirement
   783 | D:1      | Acquired a manual of Fighting
   995 | D:2      | Noticed Natasha
  1002 | D:2      | Killed Natasha
  1003 | D:2      | Reached XP level 4. HP: 35/41 MP: 4/4
  1373 | D:2      | Noticed Natasha
  1398 | D:2      | Killed Natasha
  1738 | D:2      | Noticed Natasha
  1745 | D:2      | Killed Natasha
  1746 | D:2      | Reached XP level 5. HP: 43/47 MP: 5/5
  1793 | D:2      | Found Cynodoc's Magic Scroll Shoppe.
  1820 | D:2      | Found Emerro's General Store.
  1823 | D:2      | Bought a scroll of teleportation for 33 gold pieces
  2160 | D:2      | Found Cucsynga's Assorted Antiques.
  2165 | D:2      | Found Juesif's Armour Shop.
  2168 | D:2      | Bought a fizzy green potion for 15 gold pieces
  2168 | D:2      | Bought 2 murky orange potions for 30 gold pieces
  2223 | D:2      | Found Zotal's Armour Emporium.
  2316 | D:3      | Found a transporter.
  2319 | D:3      | Noticed sargonster's ghost (amateur HOMo)
  2320 | D:3      | Found a transporter.
  2385 | D:3      | Found a burning altar of Makhleb.
  2436 | D:3      | Reached skill level 5 in Fighting
  2527 | D:3      | Found an iron altar of Okawaru.
  2845 | D:3      | Reached XP level 6. HP: 56/56 MP: 6/6
  3051 | D:3      | Found a white marble altar of Elyvilon.
  3068 | D:3      | Found a stormy altar of Qazlal.
  3218 | D:3      | Became a worshipper of Qazlal Stormbringer
  3253 | D:4      | Reached skill level 5 in Axes
  3296 | D:4      | Found a sparkling altar of Nemelex Xobeh.
  3394 | D:4      | Reached skill level 1 in Dodging
  3494 | D:4      | Noticed Eustachio
  3501 | D:4      | Reached XP level 7. HP: 57/62 MP: 7/7
  3524 | D:4      | HP: 3/93 [something/magic dart (2)]
  3526 | D:4      | HP: 1/93 [something (2)]
  3528 | D:4      | Slain by a quokka

Illustrated notes

Levels and vault maps discovered:
D:1:      saegor_arrival_simple_d, layout_basic,
          shapermc_ecumenical_altar_petra, minmay_pentomino_v2
D:2:      layout_loops_ring, serial_shops, nicolae_shop_behind_doors, shop,
          nicolae_shop_crystal, shop, nicolae_square_shop,
          minmay_misc_feat_four_crosses, uniq_natasha
D:3:      layout_basic, okawaru_altar_gauntlet_db,
          mainiacjoe_overflow_small_starburst, mainiacjoe_overflow_big_doors,
          gammafunk_ghost_mausoleum
D:4:      layout_rooms, mainiacjoe_overflow_boulevard,
          nicolae_sif_muna_condensation, serial_glass, glass_columns_b,
          glass_columns_c, uniq_menkaure, uniq_eustachio

Skill      XL: |  1  2  3  4  5  6  7 |
---------------+----------------------+-----
Fighting       | 4 5 6 |  6.0
Axes           | 3 4 6 |  6.2
Armour         | 4 |  4.9
Shields        | 4 |  4.7
Dodging        | 1 |  1.1
Unarmed Combat | |  0.3

Action                   |  1- 3 |  4- 6 |  7- 9 || total
-------------------------+-------+-------+-------++-------
Melee: War axe           |    54 |   154 |    12 ||   220
       Unarmed           |     3 |    20 |       ||    23
  Use: Scroll            |     4 |     1 |       ||     5
       Potion            |       |     1 |     5 ||     6
Armor: Scale mail        |    29 |    46 |    49 ||   124
       Skin              |     1 |       |       ||     1
Dodge: Dodged            |    32 |    67 |    24 ||   123
Block: Buckler           |    14 |     1 |       ||    15
       Kite shield       |       |    63 |       ||    63
       Other             |       |     5 |       ||     5
       Reflection        |       |     1 |       ||     1
       Tower shield      |       |    61 |    13 ||    74
